Cogmind - Beta 12 X4 @@@ ROGUE MODE // 2022.09.19 @ 09:13:21 Player: Exp. Geonium Core Result: Destroyed by Trooper 3f with Particle Gun Performance ------------- Evolutions (2) 1000 Regions Visited (12) 2400 Robots Destroyed (78) 390 Value Destroyed (2826) 2826 Prototype IDs (29) 580 Alien Tech Used (0) 0 Bonus (872) 872 TOTAL SCORE: 8068 Bonus ------- High Alert Combat Kills 311 Follower Combat Kills 427 Entered Garrisons 600 Aligned with FarCom 300 Friendly Fire -766 Cogmind --------- Core Integrity 0/550 Matter 239/300 Energy 200/200 System Corruption 0% Temperature Cool (9) Movement Treading (240) Ox1 Location -8/Storage Parts ------- > --- POWER (1) -------- Cold Fusion Reactor > --- PROPULSION (3) --- Light Treads Medium Treads Aluminum Leg > --- UTILITY (4) ------ High-capacity Storage Unit Targeting Computer Hardened Medium Armor Plating Hardened Medium Armor Plating > --- WEAPON (3) ------- Improved Assault Rifle Enhanced Autogun Enhanced Autogun > --- INVENTORY (20) --- Faulty Aerolev Unit High-capacity Storage Unit Hardened Medium Armor Plating Field Laser Advanced Beam Rifle Advanced Beam Rifle Advanced Beam Rifle YOLO Cannon Enhanced Autogun Enhanced Autogun Enhanced Autogun Enhanced Autogun Enhanced Autogun Flak Cannon Flak Cannon Heavy Rocket Launcher Heavy Rocket Launcher Great Axe Great Axe Peak State ------------ > --- POWER ------------ Light Nuclear Core > --- PROPULSION ------- Medium Treads Medium Treads Medium Treads > --- UTILITY ---------- Improved Heat Sink High-capacity Storage Unit Core Shielding Dynamic Insulation System > --- WEAPON ----------- Enhanced Autogun Gauss Rifle Great Axe > --- INVENTORY -------- Light Nuclear Core Light Treads Light Treads Light Treads Medium Treads High-capacity Storage Unit Improved EM Shotgun Improved EM Shotgun Improved EM Shotgun Spread Laser Spread Laser YOLO Cannon Gauss Rifle Gauss Rifle Gauss Rifle Assault Cannon Flak Cannon Flak Cannon Great Axe [Rating: 42] Favorites ----------- Power Improved Ion Engine Engine Improved Ion Engine Power Core Light Nuclear Core Reactor Cold Fusion Reactor Propulsion Medium Treads Treads Medium Treads Leg Aluminum Leg Utility High-capacity Storage Unit Device Improved Heat Sink Storage High-capacity Storage Unit Processor Targeting Computer Protection Core Shielding Weapon Advanced Beam Rifle Energy Gun Advanced Beam Rifle Energy Cannon Heavy Particle Cannon Ballistic Gun Light Assault Rifle Ballistic Cannon Improved Light Cannon Launcher Heavy Rocket Launcher Slashing Weapon Great Axe Build | -11 -10 -10 -10 -9 -8 -8 -8 -8 -8 -8 -8 -8 ------- Run | Scr Mat Min Exi Min Mat Gar Mat Gar Mat Gar Mat Sto Slots Evolved 4 | . . . . . 4 . . . . . . . Power . | . . . . . . . . . . . . . Propulsion 1 | . . . . . 1 . . . . . . . Utility 2 | . . . . . 2 . . . . . . . Weapon 1 | . . . . . 1 . . . . . . . Parts Attached 61 | . 2 . 1 . 35 1 2 7 . 4 3 6 Power 4 | . . . . . 2 . . . . 1 . 1 Engine 1 | . . . . . 1 . . . . . . . Core 2 | . . . . . 1 . . . . 1 . . Reactor 1 | . . . . . . . . . . . . 1 Propulsion 17 | . . . . . 10 . 1 4 . 1 1 . Treads 13 | . . . . . 8 . 1 3 . 1 . . Leg 4 | . . . . . 2 . . 1 . . 1 . Wheel . | . . . . . . . . . . . . . Hover . | . . . . . . . . . . . . . Flight . | . . . . . . . . . . . . . Utility 11 | . 2 . 1 . 4 1 . 1 . . 2 . Device 4 | . . . . . 2 1 . 1 . . . . Storage 2 | . 1 . 1 . . . . . . . . . Processor 1 | . . . . . 1 . . . . . . . Hackware . | . . . . . . . . . . . . . Protection 4 | . 1 . . . 1 . . . . . 2 . Artifact . | . . . . . . . . . . . . . Weapon 29 | . . . . . 19 . 1 2 . 2 . 5 Energy Gun 7 | . . . . . 7 . . . . . . . Energy Cannon 2 | . . . . . . . . 1 . 1 . . Ballistic Gun 11 | . . . . . 6 . . . . . . 5 Ballistic Cannon 2 | . . . . . 2 . . . . . . . Launcher 4 | . . . . . 1 . 1 1 . 1 . . Special Weapon . | . . . . . . . . . . . . . Impact Weapon . | . . . . . . . . . . . . . Slashing Weapon 3 | . . . . . 3 . . . . . . . Piercing Weapon . | . . . . . . . . . . . . . Special Melee Weapon . | . . . . . . . . . . . . . Unidentified Prototypes 6 | . . . . . 4 . . . . . . 2 Parts Lost 17 | . . 1 . . 3 . . 6 . 7 . . Power 4 | . . . . . 2 . . . . 2 . . Propulsion 5 | . . . . . 1 . . 3 . 1 . . Utility 3 | . . . . . . . . 1 . 2 . . Weapon 5 | . . 1 . . . . . 2 . 2 . . Highest Loss Streak 6 | . . 1 . . 1 . . 2 . 6 . . To Critical Strikes . | . . . . . . . . . . . . . Average Slot Usage (%) 90 | . 93 95 85 85 90 100 99 87 90 69 70 92 Engine 7 | . 14 14 14 14 4 9 9 9 9 3 . . Core 1 | . . . . . 4 . . . . 4 . . Treads 17 | . . . . . 18 27 27 20 27 20 18 18 Leg 7 | . 28 28 28 28 6 . . 1 . . 8 9 Device 10 | . . . . . 12 18 18 14 18 7 . . Storage 9 | . 14 14 14 14 9 9 9 9 9 9 9 9 Processor 5 | . . . . . 1 9 9 9 9 9 9 9 Protection 6 | . 7 14 14 14 10 . . . . . 17 18 Energy Gun 7 | . 14 9 . . 4 18 11 6 . . . . Energy Cannon 1 | . . . . . . . . 5 9 4 . . Ballistic Gun 6 | . 14 14 14 14 12 . . . . . . 24 Ballistic Cannon 1 | . . . . . 4 . . . . . . . Slashing Weapon 5 | . . . . . 2 9 9 9 9 9 9 . Naked Turns . | . . . . . . . . . . . . . Heaviest Build 77 | 11 31 27 45 45 63 58 63 63 60 67 60 77 Greatest Support 84 | 20 20 20 20 20 84 84 84 78 70 70 48 48 Greatest Overweight (x) 2 | . 1 1 2 2 2 . . 2 . 1 1 1 Average Overweight (x) . | . . 1 1 2 . . . . . . . 1 Largest Inventory Capacity 20 | . 15 15 20 20 20 20 20 20 20 20 20 20 Average Capacity 19 | . 12 15 15 20 20 20 20 20 20 20 20 20 Most Carried 20 | . 8 8 12 12 20 20 20 20 20 20 19 20 Average Carried 17 | . 6 7 9 12 18 20 19 19 19 18 18 19 Final Capacity 20 | 8 15 15 20 20 20 20 20 20 20 20 20 20 Final Carried 20 | 6 7 8 12 12 20 20 20 19 20 18 18 20 Class Distribution -------------------- 70% | Mutant 17% | Commander-Mutant 6% | Skirmisher Dominant Class ---------------- Mutant | -10/Materials Mutant | -10/Mines Mutant | -10/Exiles Mutant | -9/Mines Mutant | -8/Materials Mutant | -8/Garrison Commander-Mutant | -8/Materials Mutant | -8/Garrison Mutant | -8/Materials Mutant | -8/Garrison Mutant | -8/Materials Tank | -8/Storage Resources | -11 -10 -10 -10 -9 -8 -8 -8 -8 -8 -8 -8 -8 ----------- Run | Scr Mat Min Exi Min Mat Gar Mat Gar Mat Gar Mat Sto Matter Collected 1761 | 166 . 43 . 10 872 33 132 234 . 64 . 207 Remotely . | . . . . . . . . . . . . . Salvage Created 2498 | . . 101 . . 1202 302 217 562 . 107 . 7 Parts 127 | . . 4 . . 59 17 12 27 . 7 . 1 Haulers Intercepted 2 | . . . . . 2 . . . . . . . Recyclers Shooed 3 | . . . . . 3 . . . . . . . Parts Field Recycled . | . . . . . . . . . . . . . Retrieved Matter . | . . . . . . . . . . . . . Parts Self-Destructed . | . . . . . . . . . . . . . Prevented . | . . . . . . . . . . . . . Kills | -11 -10 -10 -10 -9 -8 -8 -8 -8 -8 -8 -8 -8 ------- Run | Scr Mat Min Exi Min Mat Gar Mat Gar Mat Gar Mat Sto Combat Hostiles Destroyed 60 | . . 2 . . 17 10 6 14 . 11 . . Melee 2 | . . . . . . 1 . 1 . . . . Guns 22 | . . 1 . . 11 9 1 . . . . . Cannons 8 | . . . . . 6 . . 1 . 1 . . AOE 27 | . . . . . . . 5 12 . 10 . . Classes Destroyed 12 | . . 1 . . 10 . 1 . . . . . Worker 3 | . . . . . . . 2 . . . . 1 Builder 1 | . . . . . 1 . . . . . . . Hauler 2 | . . . . . 2 . . . . . . . Recycler 6 | . . . . . 5 . 1 . . . . . Mechanic 1 | . . . . . 1 . . . . . . . Operator 1 | . . . . . 1 . . . . . . . Swarmer 19 | . . . . . 2 6 2 3 . 6 . . Grunt 24 | . . 2 . . 8 3 1 8 . 2 . . Brawler 6 | . . . . . 1 . . 5 . . . . Duelist 3 | . . . . . 1 . . 1 . 1 . . Sentry 10 | . . . . . 4 1 2 1 . 2 . . Hunter 2 | . . . . . 1 . 1 . . . . . Best Kill Streak 9 | . . 1 . . 4 3 3 9 . 4 . 1 Combat Bots Only 9 | . . 1 . . 4 3 2 9 . 4 . . Max Kills in Single Turn 4 | . . 1 . . 2 1 3 3 . 4 . 1 Gunslinging . | . . . . . . . . . . . . . Exploded 4 | . . . . . . . 2 3 . 4 . . Melee 1 | . . . . . . 1 . 1 . . . . Uniques/NPCs Destroyed . | . . . . . . . . . . . . . Combat | -11 -10 -10 -10 -9 -8 -8 -8 -8 -8 -8 -8 -8 -------- Run | Scr Mat Min Exi Min Mat Gar Mat Gar Mat Gar Mat Sto Damage Taken 3136 | . 26 239 . . 730 206 217 738 . 963 . 17 Core 599 | . . 39 . . 113 10 60 131 . 229 . 17 Absorbed by Shields . | . . . . . . . . . . . . . Redirected to Shielding 32 | . . 8 . . 24 . . . . . . . Core Remaining (%) 92 | 100 . . . 84 . . . . . . . . Volleys Fired 161 | . . 13 . . 73 18 11 25 . 21 . . Largest 3 | . . 2 . . 3 2 2 2 . 2 . . Hottest 136 | . . 70 . . 122 122 122 136 . 114 . . Shots Fired 309 | . . 26 . . 183 36 12 29 . 23 . . Gun 194 | . . 26 . . 126 36 2 4 . . . . Cannon 76 | . . . . . 57 . . 11 . 8 . . Launcher 39 | . . . . . . . 10 14 . 15 . . Special . | . . . . . . . . . . . . . Kinetic 185 | . . 13 . . 172 . . . . . . . Thermal 78 | . . 13 . . 4 36 2 15 . 8 . . Explosive 39 | . . . . . . . 10 14 . 15 . . Electromagnetic 7 | . . . . . 7 . . . . . . . Robot Hit Streak 16 | . . 10 . . 16 5 5 5 . 12 . . Robot Miss Streak 4 | . . 3 . . 4 2 . 3 . 1 . . Penetration Max 1 | . . . . . 1 . . . . . . . Secondary Targets 5 | . . . . . 1 4 . . . . . . Max Gunslinging Chain 1 | . . . . . 1 1 . . . . . . Shots Hit Robots 187 | . . 19 . . 115 21 4 16 . 11 1 . Core Hits 133 | . . 3 . . 52 13 8 34 . 23 . . Critical Kills 1 | . . . . . 1 . . . . . . . Critical Parts Destroyed . | . . . . . . . . . . . . . Critical Strikes 5 | . . 2 . . 2 1 . . . . . . Burn 3 | . . 2 . . . 1 . . . . . . Destroy 1 | . . . . . 1 . . . . . . . Blast 1 | . . . . . 1 . . . . . . . Melee Attacks 38 | . . . . . 12 12 . 12 . 1 1 . Impact . | . . . . . . . . . . . . . Slashing 38 | . . . . . 12 12 . 12 . 1 1 . Piercing . | . . . . . . . . . . . . . Sneak Attacks 1 | . . . . . 1 . . . . . . . Combat Hostiles . | . . . . . . . . . . . . . Follow-up Attacks . | . . . . . . . . . . . . . Damage Inflicted 7459 | . . 206 . . 2030 445 920 1821 . 1985 41 11 Guns 1931 | . . 199 . . 1252 400 20 60 . . . . Cannons 1292 | . . . . . 693 . . 200 . 399 . . Explosions 3822 | . . . . . . . 872 1364 . 1586 . . Melee 343 | . . . . . 60 45 . 197 . . 41 . Ramming 71 | . . 7 . . 25 . 28 . . . . 11 Kinetic 1849 | . . 72 . . 1777 . . . . . . . Thermal 1788 | . . 127 . . 40 400 292 260 . 669 . . Explosive 3280 | . . . . . . . 600 1364 . 1316 . . Electromagnetic 128 | . . . . . 128 . . . . . . . Impact . | . . . . . . . . . . . . . Slashing 343 | . . . . . 60 45 . 197 . . 41 . Piercing . | . . . . . . . . . . . . . Highest Corruption . | . . . . . . . . . . . . . Average Corruption . | . . . . . . . . . . . . . Corruption Purged . | . . . . . . . . . . . . . Corruption Blocked . | . . . . . . . . . . . . . Overload Shots . | . . . . . . . . . . . . . Overflow Damage 454 | . . 2 . . 63 . 114 164 . 111 . . Projectiles 63 | . . . . . 33 . . 30 . . . . Explosions 293 | . . . . . . . 114 68 . 111 . . Melee 98 | . . 2 . . 30 . . 66 . . . . Knockbacks 9 | . . . . . 9 . . . . . . . Impact . | . . . . . . . . . . . . . Kinetic 9 | . . . . . 9 . . . . . . . Secondary . | . . . . . . . . . . . . . Self-Inflicted Damage 375 | . . . . . . . 44 160 . 171 . . Shots 11 | . . . . . . . 2 4 . 5 . . Rammed 4 | . . . . . 3 . . . . . . 1 Targets Rammed 12 | . . 6 . . 3 . 1 . . . . 2 Kicked 6 | . . 6 . . . . . . . . . . Crushed 2 | . . . . . . . 1 . . . . 1 Highest Temperature 251 | . . 251 . . 35 63 9 244 . 19 . . Average Temperature 54 | . . 114 . . 8 24 6 100 . 6 . . Received Heat Transfer 897 | . 6 120 . . 180 27 36 378 . 141 . 9 Siege Activations . | . . . . . . . . . . . . . Robots Corrupted . | . . . . . . . . . . . . . Combat Hostiles . | . . . . . . . . . . . . . Parts Fried 1 | . . 1 . . . . . . . . . . Impact Corruptions 1 | . . 1 . . . . . . . . . . Robots Melted 1 | . . 1 . . . . . . . . . . Combat Hostiles 1 | . . 1 . . . . . . . . . . Parts Melted 6 | . . 1 . . . 2 2 1 . . . . Heat Transferred 2641 | . . 518 . . 74 814 237 407 . 591 . . Parts Sabotaged . | . . . . . . . . . . . . . Parts Stolen . | . . . . . . . . . . . . . Parts Stripped . | . . . . . . . . . . . . . Power Chain Reactions . | . . . . . . . . . . . . . Missiles Intercepted . | . . . . . . . . . . . . . Alert | -11 -10 -10 -10 -9 -8 -8 -8 -8 -8 -8 -8 -8 ------- Run | Scr Mat Min Exi Min Mat Gar Mat Gar Mat Gar Mat Sto Peak Influence 1123 | . 23 154 . . 219 579 667 1123 562 699 336 188 Initial 547 | . . 8 . . . 139 282 433 547 365 321 141 Average 355 | . 7 88 . . 85 404 417 913 549 592 322 155 Maximum Alert Level 4 | . . . . . 1 2 2 4 2 2 1 . Low Security (%) 47 | . 100 100 . 100 95 21 . . . . . 100 Level 1 12 | . . . . . 4 10 42 . . 16 100 . Level 2 25 | . . . . . . 67 57 10 100 83 . . Level 3 14 | . . . . . . . . 88 . . . . Level 4 . | . . . . . . . . 1 . . . . Level 5 . | . . . . . . . . . . . . . High Security . | . . . . . . . . . . . . . Max Security . | . . . . . . . . . . . . . Squads Dispatched 5 | . . . . . 4 . 1 . . . . . Investigation 4 | . . . . . 3 . 1 . . . . . Extermination . | . . . . . . . . . . . . . Reinforcement 1 | . . . . . 1 . . . . . . . Assault . | . . . . . . . . . . . . . Garrison . | . . . . . . . . . . . . . Intercept . | . . . . . . . . . . . . . Searches Triggered . | . . . . . . . . . . . . . Construction Impeded . | . . . . . . . . . . . . . Haulers Reinforced . | . . . . . . . . . . . . . Active Scanning Responses . | . . . . . . . . . . . . . Cargo Convoy Interrupts . | . . . . . . . . . . . . . Stealth | -11 -10 -10 -10 -9 -8 -8 -8 -8 -8 -8 -8 -8 --------- Run | Scr Mat Min Exi Min Mat Gar Mat Gar Mat Gar Mat Sto Distress Signals 7 | . 2 . . . 2 . 2 . . . 1 . Communications Jammed . | . . . . . . . . . . . . . Distress Signals . | . . . . . . . . . . . . . Times Spotted 101 | . 6 4 . . 36 10 8 21 1 9 2 4 Peak Tracking Total 8 | . 7 2 . . 6 3 3 5 1 6 8 2 Tactical Retreats 3 | . . 1 . . 1 . . . . 1 . . Traps | -11 -10 -10 -10 -9 -8 -8 -8 -8 -8 -8 -8 -8 ------- Run | Scr Mat Min Exi Min Mat Gar Mat Gar Mat Gar Mat Sto Traps Triggered 6 | . . . . . 4 1 . . . 1 . . Indirectly . | . . . . . . . . . . . . . Trap Hack Attempts . | . . . . . . . . . . . . . Triggered . | . . . . . . . . . . . . . Disarmed . | . . . . . . . . . . . . . Reprogrammed . | . . . . . . . . . . . . . Reused . | . . . . . . . . . . . . . Traps Extracted . | . . . . . . . . . . . . . Installed . | . . . . . . . . . . . . . Triggered . | . . . . . . . . . . . . . Machines | -11 -10 -10 -10 -9 -8 -8 -8 -8 -8 -8 -8 -8 ---------- Run | Scr Mat Min Exi Min Mat Gar Mat Gar Mat Gar Mat Sto Machines Disabled 12 | . . . . . 1 2 6 2 . 1 . . Max in Single Turn 2 | . . . . . 1 1 2 1 . 1 . . Garrison Relay 3 | . . . . . . 1 . 2 . . . . Machines Sabotaged . | . . . . . . . . . . . . . Overloaded Fab Kills . | . . . . . . . . . . . . . Hacking | -11 -10 -10 -10 -9 -8 -8 -8 -8 -8 -8 -8 -8 --------- Run | Scr Mat Min Exi Min Mat Gar Mat Gar Mat Gar Mat Sto Machines Accessed 25 | . 2 . 2 . 9 3 4 1 1 . . 3 Terminals 20 | . 2 . . . 8 3 3 1 . . . 3 Fabricators . | . . . . . . . . . . . . . Repair Stations . | . . . . . . . . . . . . . Recycling Units . | . . . . . . . . . . . . . Scanalyzers . | . . . . . . . . . . . . . Garrison Access 3 | . . . . . 1 . 1 . 1 . . . Total Hacks 48 | . 4 . 2 . 19 3 12 1 2 . . 5 Successful 17 | . 1 . 2 . 4 1 5 1 1 . . 2 Failed 31 | . 3 . . . 15 2 7 . 1 . . 3 Catastrophic 7 | . 1 . . . 3 1 2 . . . . . Database Lockouts . | . . . . . . . . . . . . . Manual 31 | . 4 . 1 . 17 . 7 . . . . 2 Terminals 42 | . 4 . . . 18 3 11 1 . . . 5 Fabricators . | . . . . . . . . . . . . . Repair Stations . | . . . . . . . . . . . . . Recycling Units . | . . . . . . . . . . . . . Scanalyzers . | . . . . . . . . . . . . . Garrison Access 4 | . . . . . 1 . 1 . 2 . . . Terminal Hacks 10 | . 1 . 2 . 2 1 1 1 . . . 2 Record 1 | . . . 1 . . . . . . . . . Open Door 2 | . . . . . . . . . . . . 2 Branch Access Points 1 | . 1 . . . . . . . . . . . Emergency Access Points 1 | . . . . . . . . 1 . . . . Terminal Index 2 | . . . . . 1 . 1 . . . . . Garrison Index 1 | . . . . . 1 . . . . . . . Garrison Registry 1 | . . . . . . 1 . . . . . . EX-Prototype ID Bank 1 | . . . 1 . . . . . . . . . Fabricator Hacks . | . . . . . . . . . . . . . Repair Station Hacks . | . . . . . . . . . . . . . Recycling Unit Hacks . | . . . . . . . . . . . . . Scanalyzer . | . . . . . . . . . . . . . Garrison Access Hacks 3 | . . . . . 1 . 1 . 1 . . . Unlock Access 3 | . . . . . 1 . 1 . 1 . . . Unauthorized Hacks 4 | . . . . . 1 . 3 . . . . . Terminals 4 | . . . . . 1 . 3 . . . . . Botnet 4 | . . . . . 1 . 3 . . . . . Fabricators . | . . . . . . . . . . . . . Repair Stations . | . . . . . . . . . . . . . Recycling Units . | . . . . . . . . . . . . . Scanalyzers . | . . . . . . . . . . . . . Garrison Access . | . . . . . . . . . . . . . Data Cores Recovered . | . . . . . . . . . . . . . Used . | . . . . . . . . . . . . . Hacking Detections 20 | . 2 . . . 8 3 3 1 1 . . 2 Full Trace Events 4 | . . . . . 2 . 2 . . . . . Feedback Events . | . . . . . . . . . . . . . Feedback Blocked . | . . . . . . . . . . . . . Robot Schematics Acquired . | . . . . . . . . . . . . . Robots Built . | . . . . . . . . . . . . . Authchips . | . . . . . . . . . . . . . Time . | . . . . . . . . . . . . . Total Robot Build Rating . | . . . . . . . . . . . . . Part Schematics Acquired . | . . . . . . . . . . . . . Parts Built . | . . . . . . . . . . . . . Authchips . | . . . . . . . . . . . . . Time . | . . . . . . . . . . . . . Total Part Build Rating . | . . . . . . . . . . . . . Parts Repaired . | . . . . . . . . . . . . . Time . | . . . . . . . . . . . . . Parts Recycled . | . . . . . . . . . . . . . Recycled Matter . | . . . . . . . . . . . . . Retrieved Matter . | . . . . . . . . . . . . . Retrieved Components . | . . . . . . . . . . . . . Parts Scanalyzed . | . . . . . . . . . . . . . Part Schematics Acquired . | . . . . . . . . . . . . . Parts Damaged . | . . . . . . . . . . . . . Bothacking | -11 -10 -10 -10 -9 -8 -8 -8 -8 -8 -8 -8 -8 ------------ Run | Scr Mat Min Exi Min Mat Gar Mat Gar Mat Gar Mat Sto Used RIF Installer . | . . . . . . . . . . . . . Robots Hacked . | . . . . . . . . . . . . . Non-combat . | . . . . . . . . . . . . . Combat . | . . . . . . . . . . . . . Robot Hacks Applied . | . . . . . . . . . . . . . Relay Couplers Released 11 | . . . . . . 3 . 8 . . . . Machine Destruction 11 | . . . . . . 3 . 8 . . . . Fabnet Peak Effective % . | . . . . . . . . . . . . . Robots Rewired 11 | . . . . . . 8 . . . 3 . . Allies Hacked . | . . . . . . . . . . . . . Hacks Repelled . | . . . . . . . . . . . . . Allies | -11 -10 -10 -10 -9 -8 -8 -8 -8 -8 -8 -8 -8 -------- Run | Scr Mat Min Exi Min Mat Gar Mat Gar Mat Gar Mat Sto Total Allies 27 | . . 5 . 1 . 8 . . . 3 . 10 Largest Group 10 | . . 5 5 4 3 8 8 7 . 3 . 10 Highest-Rated Group 173 | . . 83 83 71 40 100 100 85 . 63 . 173 Highest-Rated Ally 31 | . . 31 31 31 16 15 15 15 . 21 . 29 Total Orders 1 | . . . . . . . . . . 1 . . ROAM 1 | . . . . . . . . . . 1 . . Ally Attacks 105 | . . 5 . . 41 . 12 28 . 13 . 6 Total Damage 1616 | . . 81 . . 301 . 238 622 . 276 . 98 Kills 18 | . . 3 . . 3 . 3 7 . 1 . 1 Allies Corrupted . | . . . . . . . . . . . . . Allies Melted . | . . . . . . . . . . . . . Intel | -11 -10 -10 -10 -9 -8 -8 -8 -8 -8 -8 -8 -8 ------- Run | Scr Mat Min Exi Min Mat Gar Mat Gar Mat Gar Mat Sto Robot Analysis Total . | . . . . . . . . . . . . . Derelict Logs Recovered 1 | . . . . 1 . . . . . . . . Drone Launches . | . . . . . . . . . . . . . Drone Recoveries . | . . . . . . . . . . . . . Exploration | -11 -10 -10 -10 -9 -8 -8 -8 -8 -8 -8 -8 -8 ------------- Run | Scr Mat Min Exi Min Mat Gar Mat Gar Mat Gar Mat Sto Turns Passed 7799 | . 113 410 561 364 1961 1595 492 1214 59 364 357 309 Spaces Moved 3188 | 1 67 189 281 141 874 685 290 315 37 139 52 117 Core . | . . . . . . . . . . . . . Treads 2294 | . . . . . 659 685 290 315 37 139 52 117 Legs 894 | 1 67 189 281 141 215 . . . . . . . Wheels . | . . . . . . . . . . . . . Hover . | . . . . . . . . . . . . . Flight . | . . . . . . . . . . . . . Fastest Speed 120 | 120 120 190 190 260 160 160 155 155 155 155 160 240 Average Speed 181 | 120 157 190 198 260 178 160 157 175 155 196 224 240 Slowest Speed 305 | 120 190 190 260 260 260 160 160 305 155 240 240 240 Overloaded Moves . | . . . . . . . . . . . . . Propulsion Burnouts . | . . . . . . . . . . . . . Robots Hopped . | . . . . . . . . . . . . . Cave-ins Triggered . | . . . . . . . . . . . . . Exploration Rate (%) 36 | 2 23 58 62 33 73 58 35 53 11 36 8 20 Regions Visited 12 Branch Regions 4 Pre-discovered Areas 2 | . . . 1 1 . . . . . . . . Known Exits Taken 4 | . 1 . . . 1 . 1 . 1 . . . Unknown Exits Taken 5 | 1 . 1 1 1 . . . . . . 1 . Scrap Searched 2 | . . 1 . 1 . . . . . . . . Spaces Dug 152 | . . . . . 11 1 45 26 . 69 . . Terrain Destroyed 400 | . . . . . 15 1 155 55 . 174 . . Melee 12 | . . . . . 11 1 . . . . . . Projectile 4 | . . . . . 4 . . . . . . . AOE 384 | . . . . . . . 155 55 . 174 . . Terrain Rammed . | . . . . . . . . . . . . . Walls Destroyed . | . . . . . . . . . . . . . Machines Disabled . | . . . . . . . . . . . . . Actions | -11 -10 -10 -10 -9 -8 -8 -8 -8 -8 -8 -8 -8 --------- Run | Scr Mat Min Exi Min Mat Gar Mat Gar Mat Gar Mat Sto Total 4874 | . 76 212 285 140 1114 1129 315 927 38 199 290 149 Wait 1225 | . . 4 . . 50 354 . 563 . 14 234 6 Move 3177 | . 66 188 280 140 874 682 290 314 37 138 51 117 Hop . | . . . . . . . . . . . . . Pick Up 56 | . 4 1 3 . 31 . 4 3 1 . 1 8 Fast Attach 35 | . 2 . . . 21 . 2 3 . 1 2 4 Attach 13 | . . . . . 6 . . 3 . 3 1 . Detach 6 | . . . . . 2 . 1 1 . 1 . 1 Swap 13 | . . . 1 . 8 1 . 1 . . . 2 Drop 57 | . 4 . 1 . 34 1 6 2 . . . 9 Fire 161 | . . 13 . . 73 18 11 25 . 21 . . Melee 38 | . . . . . 12 12 . 12 . 1 1 . Ram . | . . . . . . . . . . . . . Kick 6 | . . 6 . . . . . . . . . . Crush 6 | . . . . . 3 . 1 . . . . 2 Escape Stasis . | . . . . . . . . . . . . . Rewire 81 | . . . . . . 61 . . . 20 . . Trap . | . . . . . . . . . . . . . Miscellaneous . | . . . . . . . . . . . . . Route ------- -11/Scrapyard -10/Materials (discovered 2 exits: *Min x2) -10/Mines (discovered 2 exits: [*Mat] / *Exi) -10/Exiles -9/Mines -8/Materials (discovered 4 exits: [*Fac x3] / Gar) -8/Garrison (discovered 3 exits: *Mat x3) -8/Materials (discovered 3 exits: [*Fac] / *Sto / Gar) -8/Garrison (discovered 2 exits: *Mat x2) -8/Materials -8/Garrison -8/Materials -8/Storage History --------- Turn | Location | Event 1 | -11/Scrapyard | Discovered new exit (range 0) 1 | -11/Scrapyard | Entered Materials 18 | -10/Materials | Identified exit to Mines 114 | -10/Materials | Entered Mines 262 | -10/Mines | Assisted by bots powering up and referring to "LRC-V3" 318 | -10/Mines | Build established: Mutant 376 | -10/Mines | Discovered new exit (range 15) 513 | -10/Mines | Deemed a non-threat by the Exiles lab entrance 513 | -10/Mines | Discovered new exit (range 5) 524 | -10/Mines | Entered Exiles 524 | -10/Exiles | Accompanied by 5 allies 554 | -10/Exiles | Led the pair of lost Derelicts to a safe place 572 | -10/Exiles | Met 8R-AWN 602 | -10/Exiles | Met EX-HEX 678 | -10/Exiles | Met EX-DEC 686 | -10/Exiles | Learned location of Zion (-7) 716 | -10/Exiles | Met EX-BIN 743 | -10/Exiles | Aligned with FarCom system 745 | -10/Exiles | Given EX-Vault access code 790 | -10/Exiles | Opened EX-Vault 808 | -10/Exiles | Found YOLO Cannon 850 | -10/Exiles | Warned to stay clear of 0b10 Research branches 1046 | -10/Exiles | Discovered new exit (range 14) 1085 | -10/Exiles | Left Exiles lab with YOLO Cannon 1085 | -10/Exiles | Entered Mines 1085 | -9/Mines | Accompanied by 3 allies 1088 | -9/Mines | Received a Mining Laser from a helpful Derelict 1127 | -9/Mines | Met a Derelict bent on vengeance 1429 | -9/Mines | Discovered new exit (range 7) 1449 | -9/Mines | Entered Materials 1449 | -8/Materials | Accompanied by 3 allies 1449 | -8/Materials | Evolved 4 slots: Propulsion x1, Utility x2, Weapon x1 2189 | -8/Materials | Discovered new exit (range 11) 2606 | -8/Materials | Discovered new exit (range 11) 3227 | -8/Materials | Discovered new exit (range 9) 3410 | -8/Materials | Identified exit to Garrison 3410 | -8/Materials | Entered Garrison 3484 | -8/Garrison | Triggered checkpoint 3546 | -8/Garrison | Discovered new exit (range 13) 3616 | -8/Garrison | Triggered checkpoint 3642 | -8/Garrison | Garrison Relay disabled 3730 | -8/Garrison | Triggered checkpoint 3858 | -8/Garrison | Discovered new exit (range 10) 3964 | -8/Garrison | Triggered checkpoint 4033 | -8/Garrison | Discovered new exit (range 10) 4043 | -8/Garrison | Discovered new exit (range 8) 4043 | -8/Garrison | Discovered new exit (range 57) 4043 | -8/Garrison | Discovered new exit (range 74) 4573 | -8/Garrison | Build established: Commander-Mutant 4627 | -8/Garrison | Attempted to access garrison exit controls, blocked by remote lockdown 4753 | -8/Garrison | Attempted to access garrison exit controls, blocked by remote lockdown 5005 | -8/Garrison | Entered Materials 5005 | -8/Materials | Accompanied by 8 allies 5005 | -8/Materials | Discovered new exit (range 15) 5378 | -8/Materials | Discovered new exit (range 12) 5497 | -8/Materials | Identified exit to Garrison 5497 | -8/Materials | Entered Garrison 5497 | -8/Garrison | Accompanied by 7 allies 5609 | -8/Garrison | Triggered checkpoint 5610 | -8/Garrison | Triggered checkpoint 5613 | -8/Garrison | Triggered checkpoint 5615 | -8/Garrison | Triggered checkpoint 5662 | -8/Garrison | Destroyed 9 combat bots 5709 | -8/Garrison | Discovered new exit (range 11) 5770 | -8/Garrison | Triggered checkpoint 5796 | -8/Garrison | Garrison Relay disabled 5929 | -8/Garrison | Build established: Mutant 5940 | -8/Garrison | Triggered checkpoint 6079 | -8/Garrison | Discovered new exit (range 10) 6290 | -8/Garrison | Core integrity fell below 50% 6711 | -8/Garrison | Entered Materials 6770 | -8/Materials | Identified exit to Garrison 6770 | -8/Materials | Entered Garrison 6828 | -8/Garrison | Triggered checkpoint 6904 | -8/Garrison | Spotted B-75 Beast 6943 | -8/Garrison | Core integrity fell below 20% 6967 | -8/Garrison | Lost 6 parts (1p1n2u2w) 7084 | -8/Garrison | Triggered checkpoint 7092 | -8/Garrison | Discovered new exit (range 16) 7109 | -8/Garrison | Triggered checkpoint 7114 | -8/Garrison | Triggered checkpoint 7114 | -8/Garrison | Triggered checkpoint 7134 | -8/Garrison | Entered Materials 7442 | -8/Materials | Discovered new exit (range 13) 7491 | -8/Materials | Entered Storage 7728 | -8/Storage | Assisted by bots powering up and referring to "LRC-V3" 7800 | -8/Storage | Destroyed by Trooper 3f with Particle Gun Last Messages --------------- 07683_ Connecting with Door Terminal... >>Open(Door) Sealed Heavy Doors opened. 07691_ Acquired Prototype Reactor. 07691_ Identified Cold Fusion Reactor. 07713_ K-01 Serf collects debris. 07716_ Crushed K-01 Serf. 07716_ K-01 Serf destroyed. 07717_ Acquired 7 matter. 07723_ Two rows of pristine grunt class robots stand immobile, all facing the entryway as if waiting for something. 07728_ One of them suddenly speaks: "Hello LRC-V3. What is your command?" 07730_ Connecting with Terminal... 07757_ Slammed into U-05 Engineer. 07766_ R-06 Scavenger collects Wheel. 07776_ W-25 Informer suffers critical hit (Burn). 07777_ W-25 Informer destroyed. 07778_ K-01 Serf collects debris. 07783_ R-06 Scavenger collects Visual Processing Unit. 07787_ R-06 Scavenger collects Imp. Hover Unit. Map ----- +----------------------------------------------------+ | ????????????????????????????????????????????????? | | ????????????????????????????????????????????????? | | ????????????????????????????????????????????????? | | ????????????????????????????????????????????????? | | ????????????????????????????????????????????????? | | ????????????????????????????????????????????????? | | ????????????????????????????????????????????????? | | ????????????????????????????????????????????????? | | ????????????????????????????????????????????????? | | ????????????????????????????????????????????????? | | ????????????????????????????????????????????????? | | ????????????????????????????????????????????????? | | ????????????????????????????????????????????????? | | ???????????????????????####?????????????????????? | | ??????????????g?g?????? #?????????????????????? | | ?????????????????g????? #?????????????????????? | | ???????????????????????# /?????????????????????? | | ???????????????????????# #?????????????????????? | | ???????????????????????# #?????????????????????? | | ??????????????########## #?????????????????????? | | ??????????????# #r +?????????????????????? | | ??????????????# % # #?????????????????????? | | ??????????????# #a #?????????????????????? | | ??????????????# k #g #?????????????????????? | | ??????????????# kg #?????????????????????? | | ??????????????# %#g@#?????????????????????? | | ??????????????# #gu/ ??????????????????? | | ??????????????# #g # ??????????????? | | ??????????????# # #########?????????????? | | ??????????????#/########kw#?????????????????????? | | ??????????????# #??##### ?????????????????????? | | ??????????????# #? # ?????????????????????? | | ??????????????# # # ????????????????????? | | ??????????????# # /! # ????????????????????? | | ??????????????# / # ????????????????????? | | ???########???# # = # ???????????????????? | | ???# [[ ]]#???# # % ![######???????????????????? | | ???#[[ ]]#???# #?######????????????????????????? | | ???#![ ]]#???# #???????????????????????????????? | | ???#! [ #???# #???????????????????????????????? | | ???## ###???# ######??????????????????????????? | | ???# T#????# ## #??????????????????????????? | | ???# ##????# # #??????????????????????????? | | ???####+###???# / #??????????????????????????? | | ##### #???# # #??????????????????????????? | | ##### ##T #??????????????????????????? | | ######??????????????????????????? | | ##### #???????????????????????????????? | | ##### #???# ########????????????????????????? | | ????#######???# + #????????????????????????? | +----------------------------------------------------+ Best States ------------- Heat Dissipation 45 Energy Generation 17 Energy Capacity 265 Matter Stores 300 Matter Capacity 300 Sight Range 16 Terrain Scan Density 10 EM Shielding 2 Armor Coverage 450 Core Shielding 20 Evasion (%) 55 Targeting Accuracy 5 Recoil Reduction 3 Item Schematics ----------------- None Robot Schematics ------------------ None Fabricated ------------ Nothing Alien Tech Used ----------------- None Achievements -------------- None Challenges ------------ None Game ------ Seed ScatterLauncherAnalyzer Manual? 0 Play Time 00:41:34 Cumulative 332.2 hours Start 2022.09.19 @ 08:32:48 End 2022.09.19 @ 09:13:21 Sessions 1 Manual Loads 0 Difficulty Rogue Special Mode None Game No. 383 Rogue 383 Adventurer 0 Explorer 0 Win Type - Total 11 Types 8/0/2/1/0/0/0/0/0 Lore% 79 Gallery% 88 Achievement% 78 Wizard Run 0 Options --------- ASCII 0 Keyboard 0 Movement Numpad Keybinds 0 Fullscreen 1 Font 18/Terminus Map View 76x50 Tactical HUD 1 Map Filters NONE Filters NONE Steam 1 RUN: 2c1927a0-8c63-475b-8dec-ce65a221bde6